 Dungeon Crawl Stone Soup version 0.27-a0-1312-g5cdb2b3542 (webtiles) character file.

Game seed: 15361587349060506237

345 HoaS the Ruffian (level 6, -5/48 HPs)
             Began as a Demigod Gladiator on June 20, 2021.
             Killed by divine providence
             ... invoked by an orc priest
              (11 damage)
             ... on level 7 of the Dungeon.
             The game lasted 00:07:53 (3937 turns).

HoaS the Ruffian (Demigod Gladiator)                Turns: 3937, Time: 00:07:54

Health: -5/48      AC:  9    Str: 23    XL:     6   Next: 9%
Magic:  8/8        EV:  8    Int: 13    God:
Gold:   142        SH:  0    Dex: 15    Spells: 5/5 levels left

rFire    . . .     SeeInvis .     - Unarmed
rCold    . . .     Faith    .   (no shield)
rNeg     + . .     Spirit   .   h - +0 chain mail
rPois    .         Reflect  .   d - +0 helmet {Int+3}
rElec    .         Harm     .   (no cloak)
rCorr    .         Rampage  .   (no gloves)
Will     .....                  (no boots)
Stlth    ..........             (no amulet)
HPRegen  0.16/turn              b - ring of positive energy
MPRegen  0.11/turn              (no ring)

@: no status effects
A: high mp 1, forlorn
a: no special abilities


You were on level 7 of the Dungeon.
You visited 1 branch of the dungeon, and saw 5 of its levels.

You collected 142 gold pieces.

Inventory:

Missiles
 c - 3 throwing nets (quivered)
Armour
 d - a +0 helmet of intelligence (worn)
 h - a +0 chain mail (worn)
Jewellery
 b - a ring of positive energy (left hand)
Scrolls
 e - a scroll of holy word
 i - a scroll of fear
Potions
 a - 2 potions of brilliance {unknown}
 f - a potion of degeneration {unknown}
 j - a potion of curing {unknown}
 k - a potion of invisibility {unknown}


   Skills:
 - Level 1.7 Fighting
 - Level 1.7 Throwing
 - Level 2.6 Dodging
 * Level 6.5 Unarmed Combat


You had 5 spell levels left.
You didn't know any spells.
Your spell library was empty.

Dungeon Overview and Level Annotations

Branches:
Dungeon (4/15)
 Temple: D:4-7

Annotations:
D:3 Ijyb


Innate Abilities, Weirdness & Mutations

Your attributes grow dramatically as you level up.
You have an increased reservoir of magic. (+10% MP)
You shall have no god before yourself.


Message History

The orc priest looks satisfied for a moment.
The orc hits you from afar with a +0 trident.
You completely miss the orc wizard.
The orc wizard is severely wounded.
The orc wizard closely misses you.
The orc hits you from afar with a +0 trident.
You closely miss the orc wizard.
The orc wizard is severely wounded.
The orc wizard points at you and mumbles some strange words.
The puff of flame hits you. The orc hits you but does no damage.
You hit the orc wizard.
The orc wizard is almost dead.
The orc wizard points at you and mumbles some strange words.
The magic dart hits you.
The orc hits you from afar with a +0 trident.
You miss the orc wizard.
The orc wizard is almost dead.
The orc wizard points at you and mumbles some strange words.
The puff of flame hits you.
* * * LOW HITPOINT WARNING * * *
The orc hits you from afar with a +0 trident.
* * * LOW HITPOINT WARNING * * *
You hit the orc wizard.
You kill the orc wizard!
The orc barely misses you. The orc hits you with a +0 trident.
* * * LOW HITPOINT WARNING * * *
Your chain mail prevents you from hitting the orc.
The orc hits you with a +0 trident.
* * * LOW HITPOINT WARNING * * *
You closely miss the orc. You closely miss the orc.
The orc completely misses you.
You hit the orc.
The orc is heavily wounded.
The orc closely misses you.
You punch the orc!
You kill the orc!
The orc priest mumbles some strange prayers to Beogh against you.
Beogh smites you!
You die...

.........#
.........#
.........#
.........#
......!..#
.........#
.......$.####
#≈###.....)>#
#...###@#
###.# #)# ..#
#o# ##.# #.#
..# #.# ###
#.# #+#


You could see an orc priest.

Vanquished Creatures
  2 phantoms (D:3)
  A hound (D:4)
  An orc wizard (D:7)
  5 adders
  2 worms (D:2)
  2 dart slugs
  3 orcs
  13 bats
  7 endoplasms
  2 giant cockroaches (D:1)
  6 goblins
  6 hobgoblins
  2 jackals (D:2)
  5 quokkas
  8 ball pythons
  A frilled lizard (D:2)
  9 kobolds
  8 rats
83 creatures vanquished.

Notes
Turn   | Place    | Note
-------+----------+-------------------------------------------
     0 | D:1      | HoaS the Demigod Gladiator began the quest for the Orb.
     0 | D:1      | Reached XP level 1. HP: 17/17 MP: 3/3
   274 | D:1      | Reached skill level 3 in Unarmed Combat
   534 | D:1      | Reached XP level 2. HP: 14/24 MP: 4/4
  1191 | D:1      | Reached XP level 3. HP: 15/29 MP: 5/5
  1372 | D:1      | Reached skill level 4 in Unarmed Combat
  2042 | D:2      | Reached XP level 4. HP: 36/36 MP: 6/6
  2125 | D:2      | You fall into a shaft and drop 1 floor!
  2620 | D:3      | Noticed a phantom
  2622 | D:3      | Reached skill level 5 in Unarmed Combat
  2646 | D:3      | Killed a phantom
  2647 | D:3      | Reached XP level 5. HP: 12/41 MP: 7/7
  3113 | D:3      | Noticed Ijyb
  3796 | D:3      | Reached skill level 6 in Unarmed Combat
  3904 | D:4      | Reached XP level 6. HP: 26/48 MP: 8/8
  3920 | D:4      | You fall into a shaft and drop 3 floors!
  3937 | D:7      | Killed from afar by an orc priest

Illustrated notes

Levels and vault maps discovered:
D:1:      scummos_arrival_simple_crosswalls, layout_loops_corners,
          hellmonk_ecumenical_altar_zigzags
D:2:      layout_basic, basic_altar
D:3:      layout_loops_corners, uniq_ijyb
D:4:      layout_loops_ring, jmf_multi_god_temple2,
          nicolae_overflow_crystal_walls, enter_ossuary_5
D:7:      layout_basic, grunt_decor_cap, uniq_menkaure

Skill      XL: |  1  2  3  4  5 |
---------------+----------------+-----
Unarmed Combat | 3 4 5 6 |  6.5
Fighting       | |  1.7
Throwing       | |  1.7
Dodging        | |  2.6

Action                   |  1- 3 |  4- 6 || total
-------------------------+-------+-------++-------
Melee: Unarmed           |   186 |   191 ||   377
       Punch             |     3 |     4 ||     7
  Use: Scroll            |     2 |     2 ||     4
Armor: Scale mail        |    79 |    12 ||    91
       Leather armour    |     4 |       ||     4
       Chain mail        |       |    67 ||    67
Dodge: Dodged            |    90 |    71 ||   161

Table legend: (Time is in decaauts)
 A = Elapsed time spent in this place.
 B = Non-inter-level travel time spent in this place.
 C = Inter-level travel time spent in this place.
 D = Time resting spent in this place.
 E = Time spent auto-exploring this place.
 F = Levels seen in this place.
 G = Mean time per level.
                   A        B        C        D        E       F      G
               +--------+--------+--------+--------+--------+-----+--------+
         Total |   3905 |   3866 |     39 |   1382 |   1786 |   5 |  781.0 |
       Dungeon |   3905 |   3866 |     39 |   1382 |   1786 |   5 |  781.0 |
               +--------+--------+--------+--------+--------+-----+--------+

Top non-repeatable levels by time:
     D:1: 1470 daAuts
     D:3: 1350 daAuts
     D:2: 947 daAuts
     D:4: 120 daAuts
     D:7: 15 daAuts
